AoeStats
← crypto_zhupel

QS Arena

503408718Analyzed
2v2 RM · 1mo ago on Aug 31, 2026· 38m 59s· 4 players
Game mode
Random Map
Map size
Medium (4 player)
Population
200
Speed
Normal
Resources
Standard
Victory
Conquest
Starting age
Dark Age
Ending age
Imperial Age
RankedLock teamsTeams togetherTeam positionsShared explorationLock speedFull tech treeHidden civsTurbo modeCheats
Victory
Defeat
🇷🇺 Khmer · Russia
1434
+17
🇷🇺 Shu · Russia
1407
+18
🇨🇱 Vietnamese · Chile
1469
-18
🇨🇱 Koreans · Chile
1434
-17
youteGG_mangoneluser
8:29 Feudal Age
12:25 Castle Age
10:38 Double-Bit Axe
10:35 Horse Collar
18:21 Bow Saw
19:01 Wheelbarrow
21:42 Gold Mining
25:19 Imperial Age
23:45 Stone Mining
23:59 Heavy Plow
24:17 Loom
24:48 Hand Cart
26:08 Town Watch
27:07 Bloodlines
27:24 Town Patrol
27:51 Conscription
27:36 Husbandry
28:12 Cavalier
29:00 Scale Barding Armor
29:06 Forging
31:14 Chain Barding Armor
31:29 Iron Casting
31:14 Chain Barding Armor
31:29 Iron Casting
31:45 Stone Shaft Mining
32:32 Plate Barding Armor
33:16 Siege Engineers
34:33 Blast Furnace
34:03 Double Crossbow
35:05 Chemistry
34:31 Ballistics
38:26 Chemistry
crypto_zhupel
4:23 Loom
7:24 Feudal Age
9:05 Double-Bit Axe
12:05 Padded Archer Armor
12:01 Fletching
15:11 Wheelbarrow
19:20 Castle Age
17:56 Horse Collar
22:24 Bow Saw
23:17 Stone Mining
25:01 Hand Cart
24:35 Town Watch
25:36 Man-at-Arms
27:19 Gold Mining
28:06 Heavy Plow
28:06 Crossbowman
28:52 Thumb Ring
29:31 Fortified Wall
32:39 Imperial Age
30:24 Bodkin Arrow
31:15 Gold Shaft Mining
31:29 Padded Archer Armor
33:29 Bolt Magazine
33:50 Conscription
33:32 Bracer
32:57 Arbalester
34:28 Leather Archer Armor
34:39 Ballistics
35:20 Chemistry
34:26 Siege Engineers
37:53 Two-Man Saw
38:23 Hoardings
39:15 Murder Holes
39:30 Masonry
[BY] Saimon845
8:37 Feudal Age
9:20 Double-Bit Axe
10:10 Loom
12:20 Fletching
17:29 Horse Collar
22:11 Castle Age
23:39 Heavy Plow
23:51 Bow Saw
25:58 Wheelbarrow
25:08 Town Watch
27:05 Hand Cart
31:28 Imperial Age
29:39 Ballistics
28:51 Pikeman
30:44 Bodkin Arrow
31:00 Forging
31:40 Halberdier
32:51 Scale Mail Armor
33:29 Squires
33:18 Gambesons
33:55 Gold Mining
34:44 Conscription
35:57 Two-Man Saw
37:34 Chemistry
36:45 Masonry
37:34 Bracer
37:50 Elite Skirmisher
38:37 Thumb Ring
38:35 Imperial Skirmisher
39:23 Thumb Ring
[BY] Miguel23
7:59 Feudal Age
12:26 Castle Age
10:54 Stone Mining
11:12 Double-Bit Axe
14:47 Gold Mining
15:28 Fletching
16:07 Town Watch
17:26 Loom
22:12 Bodkin Arrow
23:13 Padded Archer Armor
27:12 Horse Collar
27:43 Bow Saw
31:50 Imperial Age
30:21 Leather Archer Armor
31:27 Wheelbarrow
32:44 Scale Mail Armor
32:53 Murder Holes
33:10 Fortified Wall
33:03 Elite Fire Lancer
35:19 Forging
35:25 Chain Mail Armor
Connection lost

Rejoining the realm…

Still unreachable

The connection could not be restored.

Session expired

The server has moved on; the page needs a fresh start.